 Dungeon Crawl Stone Soup version 0.22-a0-135-g6f012ad (webtiles) character file.

11844 KarmaPolice the Slicer (level 11, -8/55 HPs)
             Began as a Vine Stalker Assassin on Feb 2, 2018.
             Was a Priest of Hepliaklqana.
             Mangled by a redback (12 damage)
             ... on level 2 of the Lair of Beasts.
             The game lasted 00:35:42 (11389 turns).

KarmaPolice the Slicer (Vine Stalker Assassin)     Turns: 11389, Time: 00:35:43

Health: -8/55      AC:  9    Str: 15    XL:     11   Next: 84%
Magic:  0/17       EV:  6    Int: 13    God:    Hepliaklqana [***...]
Gold:   695        SH:  0    Dex: 18    Spells: 10/10 levels left

rFire    + . .     SeeInvis .   J - +2 short sword (speed)
rCold    + . .     Gourm    .   (no shield)
rNeg     . . .     Faith    .   c - +0 robe
rPois    .         Spirit   +   W - +2 helmet
rElec    .         Reflect  .   d - +0 cloak
rCorr    .         Harm     .   P - +0 pair of gloves
MR       +....                  y - +1 pair of boots
Stlth    +++.......             o - amulet of Totryrr {rC+ Regen+ Int+2}
HPRegen  0.98/turn              v - ring of protection from fire
MPRegen  0.15/turn              (no ring)

@: lethally poisoned (-8 -> -25), held
A: reduced essence, fangs 3, regeneration 1, magic shield, antimagic bite, no
potion heal 3, rot immunity
a: Ancestor Life: Knight, Ancestor Life: Battlemage, Ancestor Life: Hexer,
Recall Ancestor, Ancestor Identity, Transference, Renounce Religion


You were on level 2 of the Lair of Beasts.
You worshipped Hepliaklqana.
Hepliaklqana was most pleased with you.
You were not hungry.

You visited 3 branches of the dungeon, and saw 12 of its levels.

You collected 729 gold pieces.
You spent 34 gold pieces at shops.

Inventory:

Hand Weapons
 b - a +0 blowgun
 J - a +2 short sword of speed (weapon)
 S - a +0 long sword of holy wrath
Missiles
 e - 62 poisoned needles
 f - 2 curare-tipped needles
 L - a throwing net (quivered)
 V - 15 needles of sleeping
Armour
 c - a +0 robe (worn)
 d - a +0 cloak (worn)
 y - a +1 pair of boots (worn)
 N - a cursed +0 chain mail
 P - a +0 pair of gloves (worn)
 W - a +2 helmet (worn)
Jewellery
 l - an uncursed ring of ice
 o - the amulet of Totryrr (around neck) {rC+ Regen+ Int+2}
   (You found it on level 9 of the Dungeon)

   [amulet of regeneration]

   It affects your intelligence (+2).
   It protects you from cold.
   It increases your rate of regeneration.
 v - a ring of protection from fire (left hand)
 T - an uncursed amulet of magic regeneration
Wands
 a - a wand of digging (7)
 D - a wand of flame (47)
 F - a wand of polymorph (10)
 G - a wand of disintegration (24)
 I - a wand of paralysis (12)
 Q - a wand of enslavement (14)
Scrolls
 k - 5 scrolls of remove curse
 m - 3 scrolls of identify
 q - 4 scrolls of teleportation
 t - 3 scrolls of fog
 u - 3 scrolls of fear
 w - a scroll of immolation {unknown}
 x - a scroll of blinking {unknown}
 A - a scroll of enchant armour {unknown}
 B - 3 scrolls of amnesia {unknown}
 E - 3 scrolls of magic mapping {unknown}
 M - a scroll of enchant weapon {unknown}
Potions
 h - 2 potions of flight {unknown}
 i - a potion of degeneration {unknown}
 j - 5 potions of heal wounds {unknown}
 n - a potion of might {unknown}
 r - 3 potions of brilliance {unknown}
 s - 2 potions of curing
 z - a potion of lignification {unknown}
 K - 4 potions of ambrosia {unknown}
 O - 2 potions of magic {unknown}
 U - a potion of cancellation {unknown}
 X - a potion of haste {unknown}
Books
 p - a book of Misfortune

   Spells                             Type                      Level
   a - Confusing Touch                Hexes                        1
   b - Confuse                        Hexes                        3
   c - Gell's Gravitas                Translocation                3
   d - Petrify                        Transmutation/Earth          4
   e - Metabolic Englaciation         Hexes/Ice                    5
   f - Yara's Violent Unravelling     Hexes/Transmutation          5
 C - a Fen Folio

   Spells                             Type                      Level
   a - Corpse Rot                     Necromancy                   2
   b - Stone Arrow                    Conjuration/Earth            3
   c - Leda's Liquefaction            Hexes/Earth                  4
   d - Summon Forest                  Summoning/Translocation      5
   e - Hydra Form                     Transmutation                6
   f - Summon Hydra                   Summoning                    7
 H - a book of Air

   Spells                             Type                      Level
   a - Shock                          Conjuration/Air              1
   b - Swiftness                      Charms/Air                   2
   c - Static Discharge               Conjuration/Air              3
   d - Airstrike                      Air                          4
   e - Lightning Bolt                 Conjuration/Air              5
Miscellaneous
 Y - a phantom mirror
Comestibles
 g - 18 rations


   Skills:
 + Level 9.1 Fighting
 + Level 9.2 Short Blades
 - Level 6.2 Throwing
 + Level 2.2 Armour
 - Level 0.7 Dodging
 - Level 4.8 Stealth
 - Level 6.3 Invocations
 + Level 7.0 Evocations


You had 10 spell levels left.
You didn't know any spells.

Dungeon Overview and Level Annotations

Branches:
Dungeon (9/15)             Temple (1/1) D:5            Lair (2/6) D:9
 Spider (0/4) Lair:2
  Swamp: Lair:2-4    Shoals: Lair:2-4       Orc: D:9-12

Altars:
Ashenzari
Cheibriados
Dithmenos
Elyvilon
Fedhas
Gozag
Hepliaklqana
Kikubaaqudgha
Makhleb
Nemelex Xobeh
Okawaru
Qazlal
Ru
Sif Muna
Trog
Uskayaw
Vehumet
Wu Jian
Xom
Yredelemnul
Zin
The Shining One

Shops:
D:9 *


Innate Abilities, Weirdness & Mutations

You have razor-sharp teeth.
Your natural rate of healing is unusually fast.
When hurt, damage is shared between your health and your magic reserves.
Your bite disrupts and absorbs the magic of your enemies.
Potions cannot restore your health.
You are immune to rotting.
Your life essence is reduced to manifest your ancestor. (-10% HP)


Message History

The jumping spider bites Busisiwe but does no damage.
Busisiwe hits the jumping spider.
The jumping spider misses Busisiwe.
The jumping spider barely misses Busisiwe.
The redback bites you!
You are poisoned.
The redback poisons you!
You feel very sick. The jumping spider pounces on you!
You are caught in a web!
The jumping spider barely misses you.
Busisiwe hits the jumping spider but does no damage.
There is a web, spattered with blood here.
The web tears apart.
* * * LOW HITPOINT WARNING * * *
You feel very sick. The jumping spider pounces on you!
* * * LOW HITPOINT WARNING * * *
You are caught in a web!
The jumping spider bites you but does no damage.
The redback bites you!
You die...

..............#####.##...........
.................................
.................................
.................................
.##.###.#........................
.########.......<...#............
..##.####.....#.....#.......#..#.
..#.....#...+##...........###.P##
.+....#....###..@...#......##...#
...#.....###.^^sRs.........##....
.......###....^##.........##.....
..#.##P##.....##..........###....
.##.####.....##...........# ####.
.##.## ......#...(..#.....# ##..
.....# .>..####...#.......####.#.
.....# ...##.....................
.....######......................


You could see the friendly Busisiwe the ancestor, a jumping spider and a
redback.

Vanquished Creatures
  A hydra (Lair:2)
  A two-headed ogre (D:8)
  Pikel (D:6)
  Joseph (D:8)
  A spiny frog (Lair:1)
  2 komodo dragons
  A jumping spider (Lair:2)
  5 blink frogs
  3 hippogriffs
  8 yaks
  Grum (D:8)
  2 porcupines (Lair:1)
  3 water moccasins
  4 orc warriors
  6 ice beasts
  A black bear (D:9)
  A slave (D:6)
  2 necrophages
  3 ogres
  A centaur (D:8)
  A wolf (D:8)
  A big kobold (D:9)
  6 crocodiles
  6 bullfrogs
  A wyvern skeleton (D:9)
  4 scorpions
  3 killer bees (D:8)
  2 wights (D:8)
  4 crimson imps
  A quasit (D:5)
  A jelly (D:5)
  Crazy Yiuf (D:6)
  4 orc priests
  A bullfrog skeleton (D:4)
  5 hounds
  2 orc wizards (D:8)
  Natasha (twice) (D:2)
  14 worker ants
  A hound zombie (D:5)
  A gnoll (D:5)
  A howler monkey skeleton (D:5)
  10 adders
  An adder zombie (D:5)
  An adder skeleton (D:7)
  2 dart slugs
  9 leopard geckos
  17 orcs
  2 ball pythons (D:4)
  5 giant cockroaches
  7 goblins
  6 hobgoblins
  13 jackals
  7 kobolds
  3 quokkas
  2 bats
  7 frilled lizards
  5 rats
  A plant (D:9)
208 creatures vanquished.

Vanquished Creatures (collateral kills)
  A two-headed ogre (D:8)
  The ghost of KarmaPolice the Skirmisher, a novice VSAs (D:7)
  Psyche (D:8)
  A wolf (D:8)
  A bullfrog (Lair:1)
  3 wights (D:8)
  A hound (D:9)
  3 orcs
  A kobold (D:9)
13 creatures vanquished.

Vanquished Creatures (others)
  A centaur skeleton (D:6)
  7 ancestors
  A leopard gecko (D:6)
  4 jackals (D:6)
  A quokka (D:6)
  A quokka zombie (D:6)
  A plant (D:9)
16 creatures vanquished.

Grand Total: 237 creatures vanquished

Notes
Turn   | Place    | Note
-------+----------+-------------------------------------------
     0 | D:1      | KarmaPolice the Vine Stalker Assassin began the quest for the Orb.
     0 | D:1      | Reached XP level 1. HP: 11/11 MP: 2/2
   210 | D:1      | Reached XP level 2. HP: 12/15 MP: 1/3
   539 | D:1      | Reached XP level 3. HP: 18/18 MP: 4/4
  1028 | D:2      | You fall through a shaft!
  1099 | D:3      | Gained mutation: Your natural rate of healing is unusually fast. [Vine Stalker growth]
  1099 | D:3      | Reached XP level 4. HP: 20/23 MP: 5/5
  1383 | D:2      | Noticed Natasha
  1424 | D:2      | Killed Natasha
  1474 | D:2      | Noticed Natasha
  1475 | D:2      | Killed Natasha
  1475 | D:2      | Reached XP level 5. HP: 28/28 MP: 6/6
  2099 | D:3      | Found a faded altar of an unknown god.
  2408 | D:4      | Reached XP level 6. HP: 32/32 MP: 7/7
  2973 | D:4      | Reached XP level 7. HP: 19/37 MP: 6/8
  3117 | D:5      | Entered Level 5 of the Dungeon
  3680 | D:5      | Found a white marble altar of Elyvilon.
  3681 | D:5      | Found a hide-covered altar of Uskayaw.
  3768 | D:5      | Gained mutation: You have razor-sharp teeth. [Vine Stalker growth]
  3768 | D:5      | Reached XP level 8. HP: 11/42 MP: 5/9
  3854 | D:5      | Found a staircase to the Ecumenical Temple.
  3863 | Temple   | Entered the Ecumenical Temple
  4188 | D:5      | Reached skill level 5 in Fighting
  4188 | D:5      | Reached skill level 5 in Short Blades
  4188 | D:5      | Reached skill level 5 in Throwing
  4722 | D:6      | Found an opulent altar of Gozag.
  4722 | D:6      | Found a snail-covered altar of Cheibriados.
  4722 | D:6      | Noticed Pikel
  4797 | D:6      | Killed Pikel
  4797 | D:6      | Reached XP level 9. HP: 31/48 MP: 7/11
  5226 | D:6      | Found a stormy altar of Qazlal.
  5335 | D:6      | Found a runed door.
  5529 | D:6      | Noticed Crazy Yiuf
  5560 | D:6      | Killed Crazy Yiuf
  5736 | D:7      | Found a hazy altar of Hepliaklqana.
  5746 | D:7      | Became a worshipper of Hepliaklqana the Forgotten
  6045 | D:7      | Noticed KarmaPolice's ghost (novice VSAs)
  6080 | D:7      | Killed KarmaPolice's ghost
  6080 | D:7      | Reached skill level 1 in Invocations
  6558 | D:8      | Noticed a two-headed ogre
  6604 | D:8      | Killed a two-headed ogre
  6604 | D:8      | Reached XP level 10. HP: 49/49 MP: 13/13
  6656 | D:8      | Noticed Psyche
  6670 | D:8      | Killed Psyche
  6875 | D:8      | Noticed a two-headed ogre
  6915 | D:8      | Killed a two-headed ogre
  7015 | D:8      | Reached * piety under Hepliaklqana
  7254 | D:8      | Noticed Grum
  7298 | D:8      | Killed Grum
  7416 | D:8      | Reached skill level 5 in Evocations
  7464 | D:8      | Noticed Joseph
  7520 | D:8      | Killed Joseph
  7833 | D:9      | Found a staircase to the Lair.
  7935 | D:9      | Reached skill level 5 in Invocations
  8176 | D:9      | Found Othin's General Store.
  8198 | D:9      | Bought a scroll of fog for 34 gold pieces
  8333 | D:9      | Found an ancient bone altar of Kikubaaqudgha.
  8428 | D:9      | Got a bound bronze amulet
  8769 | D:9      | Reached XP level 11. HP: 48/54 MP: 16/16
  8970 | D:9      | Found a bloodstained altar of Trog.
  8971 | D:9      | Found a deep blue altar of Sif Muna.
  9002 | D:9      | Reached ** piety under Hepliaklqana
  9266 | Lair:1   | Entered Level 1 of the Lair of Beasts
  9274 | Lair:1   | Identified the amulet of Totryrr {rC+ Regen+ Int+2} (You found it on level 9 of the Dungeon)
 10285 | Lair:1   | Reached skill level 1 in Armour
 10874 | Lair:2   | Reached *** piety under Hepliaklqana
 10914 | Lair:2   | Noticed an eight-headed hydra
 10927 | Lair:2   | Killed an eight-headed hydra
 11136 | Lair:2   | Found a hole to the Spider Nest.
 11389 | Lair:2   | Mangled by a redback

Vault maps used:
D:1:      dpeg_arrival_brainrot
D:2:      uniq_natasha
D:3:      chequers_ecumenical_altar_island
D:4:      first_ration
D:5:      kennysheep_windowed_halls, grunt_temple_overflow_open,
          minmay_temple_entry_grid
D:6:      chequers_temple_overflow_statue_of_worship, minmay_misc_feat_enclosed,
          grunt_qazlal_clouds, uniq_crazy_yiuf_cottage, uniq_pikel
D:7:      lemuel_round_altar
D:8:      uniq_psyche, uniq_joseph, uniq_grum
D:9:      gammafunk_temple_overflow_pools, lemuel_round_altar,
          david_lair_shrubbed, serial_shops, nicolae_shop_crystal
Temple:   dpeg_chambers_temple
Lair:2:   spider_nest_entry_funnel_web

Skill      XL: |  1  2  3  4  5  6  7  8  9 10 11 |
---------------+----------------------------------+-----
Fighting       | 2 3 4 6 7 8 9 |  9.1
Short Blades   | 2 3 4 6 7 8 9 |  9.2
Throwing       | 2 3 4 6 |  6.2
Evocations     | 2 3 5 7 |  7.0
Invocations    | 3 5 6 |  6.3
Armour         | 2 |  2.2
Dodging        | |  0.7
Stealth        | |  4.8

Action                   |  1- 3 |  4- 6 |  7- 9 | 10-12 || total
-------------------------+-------+-------+-------+-------++-------
Melee: Dagger            |    65 |   140 |   308 |    13 ||   526
       Bite              |    12 |    35 |   118 |   170 ||   335
       Unarmed           |       |     1 |       |       ||     1
       Short sword       |       |       |     6 |   360 ||   366
 Fire: Blowgun           |       |    19 |    34 |    90 ||   143
Evoke: Wand              |       |       |       |     5 ||     5
  Use: Scroll            |       |       |       |     5 ||     5
 Stab: Sleeping          |     6 |     9 |    12 |    11 ||    38
       Distracted        |     2 |     1 |     1 |     1 ||     5
  Eat: Chunk             |       |     6 |    12 |    15 ||    33
Armor: Robe              |    11 |    29 |    75 |    66 ||   181
Dodge: Dodged            |    40 |    65 |   134 |   112 ||   351

Table legend:
 A = Spawn XP
 B = Non-spawn XP
 C = Spawn XP percentage of total XP
 D = Spawn monster count
 E = Non-spawn monster count
 F = Spawn count percentage of total count
 G = Total turns spent on level
                    A         B        C        D         E        F      G
               +---------+---------+-------+---------+---------+-------+---------
         Total |       0 |   16921 |   0.0 |       0 |     219 |   0.0 | 11389
               +---------+---------+-------+---------+---------+-------+---------
           D:1 |       0 |      35 |   0.0 |       0 |      18 |   0.0 |   743
           D:2 |       0 |     139 |   0.0 |       0 |      21 |   0.0 |   914
           D:3 |       0 |      84 |   0.0 |       0 |      15 |   0.0 |   722
           D:4 |       0 |     663 |   0.0 |       0 |      22 |   0.0 |  1054
           D:5 |       0 |     964 |   0.0 |       0 |      26 |   0.0 |  1085
           D:6 |       0 |     902 |   0.0 |       0 |      14 |   0.0 |   992
           D:7 |       0 |     932 |   0.0 |       0 |      12 |   0.0 |   719
           D:8 |       0 |    4661 |   0.0 |       0 |      30 |   0.0 |  1501
           D:9 |       0 |    2993 |   0.0 |       0 |      35 |   0.0 |  1628
        Lair:1 |       0 |    2845 |   0.0 |       0 |      15 |   0.0 |  1017
        Lair:2 |       0 |    2703 |   0.0 |       0 |      11 |   0.0 |   802
               +---------+---------+-------+---------+---------+-------+---------
